 Dungeon Crawl Stone Soup version 0.31.0-11-ge490571c62 (webtiles) character file.

Game seed: 8818183636715212516

910 hawla the Conjurer (level 7, -1/40 HPs)
             Began as a Deep Elf Conjurer on Feb 4, 2024.
             Was an Initiate of Vehumet.
             Slain by a gnoll
             ... wielding a +0 whip
             ... led by a gnoll sergeant
              (4 damage)
             ... on level 5 of the Dungeon.
             The game lasted 00:12:41 (4674 turns).

hawla the Conjurer (Deep Elf Conjurer)              Turns: 4674, Time: 00:12:41

Health: -1/40      AC:  3    Str:  4    XL:     7   Next: 81%
Magic:  10/13      EV: 11    Int: 25    God:    Vehumet [......]
Gold:   224        SH:  5    Dex: 13    Spells: 5/12 levels left

rFire   . . .        j - +0 dagger (elec)
rCold   . . .        c - +0 buckler
rNeg    . . .        a - +0 robe
rPois   .            (no helmet)
rElec   .            (no cloak)
rCorr   .            (no gloves)
SInv    .            d - +0 pair of boots
Will    .....        (no amulet)
Stlth   ++           (no ring)
HPRegen 0.26/turn    (no ring)
MPRegen 0.13/turn

%: no passive effects
@: lethally poisoned (-1 -> -8), weakened
A: no striking features
a: Renounce Religion


You were on level 5 of the Dungeon.
You worshipped Vehumet.
Vehumet was noncommittal.
You visited 2 branches of the dungeon, and saw 7 of its levels.

You collected 224 gold pieces.

Inventory:

Hand Weapons
 j - a +0 dagger of electrocution (weapon)
Armour
 a - a +0 robe (worn)
 c - a +0 buckler (worn)
 d - a +0 pair of boots (worn)
Scrolls
 h - 2 scrolls of teleportation
 i - a scroll of torment
 k - 2 scrolls of identify
 l - a scroll of revelation
Potions
 f - a potion of haste {unknown}
 g - a potion of might {unknown}
 m - a potion of berserk rage {unknown}
 n - a potion of enlightenment {unknown}


   Skills:
 - Level 2.0 Fighting
 - Level 2.4 Dodging
 - Level 4.0 Stealth
 + Level 3.8 Shields
 - Level 3.0 Spellcasting
 - Level 4.3 Conjurations
 - Level 3.0 Translocations
 - Level 4.0 Air Magic
 - Level 4.0 Alchemy


You had 5 spell levels left.
You knew the following spells:

 Your Spells              Type           Power      Damage    Failure   Level
a - Magic Dart            Conj           100%       1d8       3%          1
b - Searing Ray           Conj           50%        2d6       4%          2
c - Iskenderun's Mystic   Conj/Tloc      22%        2d6       38%         4

Your spell library contained the following spells:

 Spells                   Type           Power      Damage    Failure   Level
 Foxfire                  Conj/Fire      56%        2x1d6     8%          1
 Fulminant Prism          Conj/Alch      12%        3d9       32%         4
 Call Canine Familiar     Summ           3%         N/A       50%         3
 Inner Flame              Hex/Fire       3%         N/A       50%         3
 Sigil of Binding         Hex            3%         N/A       50%         3
 Flame Wave               Conj/Fire      14%        2d6       58%         4
 Sticky Flame             Fire/Alch      13%        2d5       63%         4
 Dimensional Bullseye     Hex/Tloc       5%         N/A       69%         4
 Summon Blazeheart Golem  Fire/Summ      3%         N/A       88%         4
 Plasma Beam              Fire/Air       6%         2x1d17    100%        6
 Starburst                Conj/Fire      7%         6d4       100%        6
 Orb of Destruction       Conj           12%        9d7       100%        7
 Spellforged Servitor     Conj/Summ      7%         N/A       100%        7


Dungeon Overview and Level Annotations

Branches:
Dungeon (6/15)             Temple (1/1) D:4

Altars:
Ashenzari
Cheibriados
Dithmenos
Elyvilon
Fedhas
Hepliaklqana
Kikubaaqudgha
Makhleb
Qazlal
Sif Muna
Uskayaw
Vehumet
Wu Jian
Xom
Zin
The Shining One

Annotations:
D:5 Edmund


Message History

The mystic blast hits the gnoll bouda!
The gnoll bouda is heavily wounded.
The gnoll bouda is knocked back by the mystic blast.
The mystic blast hits the gnoll.
The gnoll is lightly wounded.
The gnoll is knocked back by the mystic blast.
Unknown command.
The gnoll bouda gazes fiercely through you!
You feel as though you will be weak longer.
The gnoll sergeant hits you from afar with a +0 spear of venom.
You are poisoned.
You feel sick.
The gnoll sergeant attacks as it pursues you!
The gnoll sergeant hits you from afar with a +0 spear of venom.
You are more poisoned.
You feel very sick.
The gnoll bouda barks out a call to the hunt!
The gnolls pick up the pace!
The gnoll sergeant attacks as it pursues you!
You block the gnoll sergeant's attack.
You feel very sick.
You feel very sick.
You feel sick. The gnoll hits you but does no damage.
You block the gnoll sergeant's attack.
You feel sick. You block the gnoll's attack.
The gnoll sergeant attacks as it pursues you!
The gnoll sergeant hits you from afar with a +0 spear of venom.
* * * LOW HITPOINT WARNING * * *
You are lethally poisoned!
There is a stone staircase leading up, spattered with blood here.
You feel better. The gnoll hits you but does no damage.
The gnoll sergeant hits you from afar with a +0 spear of venom!
* * * LOW HITPOINT WARNING * * *
You are lethally poisoned!
The gnoll hits you with a +0 club.
* * * LOW HITPOINT WARNING * * *
* * * LOW HITPOINT WARNING * * *
You feel very sick. The gnoll hits you with a +0 whip.
You die...

... ..................
.PP...####.....#'####....
P..PP.#.g#######....#....
......#.............###'#
.......)......##....##...
.......####...##....##...
P.PPP.#..##...##....##'##
PPPP..#gg.gg...#....##..#
..... #.@......#.........
##.............#.........
#.............#.........
############.###..###+##
+# #..#..... #. +..... #
#..... ####.....
.........


You could see a gnoll sergeant (swift), a gnoll bouda and 2 gnolls.

Vanquished Creatures
  An ogre (D:5)
  3 phantoms
  A necrophage (D:6)
  3 scorpions
  3 bombardier beetles
  2 hounds
  A jelly (D:4)
  A hound skeleton (D:6)
  5 gnolls
  5 adders
  2 dart slugs
  5 orcs
  5 ball pythons
  8 endoplasms
  3 giant cockroaches
  3 goblins
  7 hobgoblins
  2 jackals (D:2)
  3 quokkas
  6 bats
  4 frilled lizards
  4 kobolds
  5 rats
82 creatures vanquished.

Notes
Turn   | Place    | Note
-------+----------+-------------------------------------------
     0 | D:1      | hawla the Deep Elf Conjurer began the quest for the Orb.
     0 | D:1      | Reached XP level 1. HP: 10/10 MP: 6/6
   170 | D:1      | Reached skill level 1 in Fighting
   481 | D:1      | Reached XP level 2. HP: 16/16 MP: 6/8
   484 | D:1      | Learned a level 2 spell: Searing Ray
  1002 | D:1      | Found a faded altar of an unknown god.
  1305 | D:2      | Reached skill level 1 in Translocations
  1305 | D:2      | Reached XP level 3. HP: 21/21 MP: 6/9
  1391 | D:2      | Reached XP level 4. HP: 26/26 MP: 7/10
  1466 | D:2      | Learned a level 4 spell: Iskenderun's Mystic Blast
  2038 | D:3      | Noticed a scorpion
  2042 | D:3      | Killed a scorpion
  2043 | D:3      | Reached skill level 1 in Air Magic
  2043 | D:3      | Reached skill level 1 in Alchemy
  2043 | D:3      | Reached XP level 5. HP: 30/30 MP: 5/11
  2436 | D:3      | Found a blossoming altar of Fedhas.
  3149 | D:4      | Noticed a phantom
  3162 | D:4      | Reached XP level 6. HP: 35/35 MP: 4/12
  3617 | D:4      | Found a staircase to the Ecumenical Temple.
  3627 | Temple   | Entered the Ecumenical Temple
  3645 | Temple   | Became a worshipper of Vehumet
  3673 | D:4      | Reached XP level 7. HP: 21/40 MP: 3/13
  3874 | D:4      | Reached skill level 1 in Shields
  4023 | D:4      | You fall into a shaft and drop 2 floors!
  4102 | D:6      | Found a burning altar of Makhleb.
  4236 | D:5      | Entered Level 5 of the Dungeon
  4246 | D:5      | Noticed Edmund
  4260 | D:5      | HP: 2/40 [Edmund/+2 dire flail of protection (14)]
  4356 | D:5      | Found a white marble altar of Elyvilon.
  4674 | D:5      | Slain by a gnoll

Illustrated notes

Levels and vault maps discovered:
D:1:      dpeg_arrival_solitude, layout_loops_corners,
          shapermc_ecumenical_altar_ellora
D:2:      layout_rooms, chequers_arboretum
D:3:      layout_basic, fedhas_altar_3
D:4:      layout_loops_ring, marbit_many_paths, minmay_temple_entry_arrows
D:5:      layout_gridville, mainiacjoe_overflow_paths,
          lemuel_coloured_pillars_altar, nicolae_grassy_gnolls, uniq_edmund
D:6:      layout_gridville, makhleb_blood_cavern_becter, moated_statue,
          patterned_corridor
Temple:   nicolae_temple_bog_church

Skill      XL: |  1  2  3  4  5  6  7 |
---------------+----------------------+-----
Fighting       | 1 2 |  2.0
Translocations | 1 2 3 |  3.0
Stealth        | 3 4 |  4.0
Air Magic      | 1 2 3 4 |  4.0
Alchemy        | 1 2 4 |  4.0
Shields        | 3 |  3.8
Dodging        | |  2.4
Spellcasting   | |  3.0
Conjurations   | |  4.3

Action                     |  1- 3 |  4- 6 |  7- 9 || total
---------------------------+-------+-------+-------++-------
  Melee: Dagger            |       |       |    19 ||    19
   Cast: Magic Dart        |    39 |    40 |    10 ||    89
         Searing Ray       |     9 |    27 |    12 ||    48
         Iskenderun's Myst |       |       |     1 ||     1
    Use: Scroll            |     4 |     4 |     2 ||    10
         Potion            |     1 |       |     2 ||     3
   Stab: Sleeping          |       |       |     1 ||     1
 Armour: Robe              |     7 |     6 |    33 ||    46
  Dodge: Dodged            |     3 |     6 |    22 ||    31
  Block: Buckler           |       |     5 |    11 ||    16
